Cogmind - Beta 15 *** ADVENTURER MODE // 2025.06.06 @ 23:28:25 Player: Bulbasornado Result: Escaped! Performance ------------- Evolutions (9) 4500 Regions Visited (24) 4800 Robots Destroyed (133) 665 Value Destroyed (4104) 4104 Prototype IDs (79) 1580 Alien Tech Used (4) 800 Bonus (30654) 30654 TOTAL SCORE: 47103 Bonus ------- Simple Hacker 18162 High Alert Combat Kills 112 Follower Combat Kills 968 Entered Garrisons 200 Network Hubs Disabled 400 Aligned with FarCom 300 Acquired ECA 300 Met Zhirov 300 Found Hidden Lab 3000 Win 3000 Challenge Win 7000 Friendly Fire -3088 Cogmind --------- Core Integrity 1600/1600 Matter 213/300 Energy 145/160 System Corruption 1% Temperature Cool (30) Movement Flying (20) Location To Epsilon Eridani Parts ------- > --- POWER (2) -------- Backup Power III Light Fission Core > --- PROPULSION (6) --- Cooled Nuclear Pulse Thruster Cooled Nuclear Pulse Thruster Cooled Nuclear Pulse Thruster Cooled Nuclear Pulse Thruster Cooled Nuclear Pulse Thruster Cooled Nuclear Pulse Thruster > --- UTILITY (15) ----- Machine Analyzer Enhanced Optical Array Advanced Signal Interpreter Advanced Terrain Scan Processor Advanced Terrain Scan Processor Advanced Reaction Control System Advanced Cloaking Device Improved Propulsion Shielding Medium Regenerative Plating Advanced Hacking Suite Advanced Hacking Suite Deep Network Scanner Improved System Shield Advanced System Shield > --- WEAPON (2) ------- Matter Neutralizer Mini Grenade Launcher > --- INVENTORY (5) ---- Improved Medium Armor Plating Heavy Phase Cannon Enhanced Nova Cannon Long-range Missile Launcher Improved Plasma Cutter Peak State ------------ > --- POWER ------------ Backup Power III Light Fission Core > --- PROPULSION ------- Cooled Nuclear Pulse Thruster Cooled Nuclear Pulse Thruster Cooled Nuclear Pulse Thruster Cooled Nuclear Pulse Thruster Cooled Nuclear Pulse Thruster Cooled Nuclear Pulse Thruster > --- UTILITY ---------- Machine Analyzer Enhanced Optical Array Advanced Signal Interpreter Advanced Terrain Scan Processor Advanced Terrain Scan Processor Advanced Reaction Control System Advanced Cloaking Device Improved Propulsion Shielding Medium Regenerative Plating Advanced Hacking Suite Advanced Hacking Suite Deep Network Scanner Improved System Shield Advanced System Shield > --- WEAPON ----------- Matter Neutralizer Mini Grenade Launcher > --- INVENTORY -------- Improved Medium Armor Plating Heavy Phase Cannon Enhanced Nova Cannon Long-range Missile Launcher Improved Plasma Cutter [Rating: 142] Favorites ----------- Power Light Fission Core Engine Ion Engine Power Core Light Fission Core Reactor Compact Particle Reactor Propulsion Cooled Nuclear Pulse Thruster Treads Light Treads Hover Unit Backup Propulsion I Flight Unit Cooled Nuclear Pulse Thruster Utility Advanced Terrain Scan Processor Device Improved Heat Sink Storage Small Storage Unit Processor Advanced Terrain Scan Processor Hackware System Shield Protection Improved Propulsion Shielding Weapon Autogun Energy Gun Hypervelocity EM Gauss Rifle Energy Cannon Heavy Phase Cannon Ballistic Gun Autogun Launcher Mini Grenade Launcher Impact Weapon Maul Slashing Weapon Power Sword Build | -11 -10 -10 -10 -9 -8 -8 -8 -7 -6 -6 -6 -6 -6 -5 -5 -5 -5 -4 -4 -4 -4 -3 -2 -1 ------- Run | Yrd Mat Min Exi Min Mat Sto Gar Fac Fac Ext Cet Arc Hub Fac Upp Upp Zhi Pro Fac Arm Lab Res Res Acc Slots Evolved 18 | . . . . . 4 . . 2 2 . . . . 2 . . . . 2 . . 2 2 2 Power 1 | . . . . . . . . . . . . . . . . . . . 1 . . . . . Propulsion 4 | . . . . . 1 . . 1 1 . . . . . . . . . 1 . . . . . Utility 13 | . . . . . 3 . . 1 1 . . . . 2 . . . . . . . 2 2 2 Weapon . | . . . . . . . . . . . . . . . . . . . . . . . . . Parts Attached 121 | 7 8 3 1 1 18 5 2 13 12 5 4 5 3 3 . . 5 . 4 11 2 3 5 1 Power 8 | 1 1 . . . 2 . . 1 2 . 1 . . . . . . . . . . . . . Engine 5 | 1 1 . . . 2 . . . 1 . . . . . . . . . . . . . . . Core 2 | . . . . . . . . 1 1 . . . . . . . . . . . . . . . Reactor 1 | . . . . . . . . . . . 1 . . . . . . . . . . . . . Propulsion 33 | 2 1 1 . . 2 3 . 4 2 2 1 . 1 . . . 3 . 4 7 . . . . Treads 9 | 2 1 1 . . 2 3 . . . . . . . . . . . . . . . . . . Leg . | . . . . . . . . . . . . . . . . . . . . . . . . . Wheel . | . . . . . . . . . . . . . . . . . . . . . . . . . Hover . | . . . . . . . . . . . . . . . . . . . . . . . . . Flight 24 | . . . . . . . . 4 2 2 1 . 1 . . . 3 . 4 7 . . . . Utility 58 | 2 2 . 1 1 10 2 1 5 7 2 2 4 2 2 . . 2 . . 4 1 2 5 1 Device 16 | 1 2 . . . 1 1 1 1 1 1 1 1 . 1 . . . . . 2 . . 2 . Storage 4 | 1 . . 1 1 . . . 1 . . . . . . . . . . . . . . . . Processor 13 | . . . . . 2 . . 3 4 . . 1 . 1 . . . . . . . 1 1 . Hackware 13 | . . . . . 1 . . . . . . 2 2 . . . 1 . . 2 1 1 2 1 Protection 12 | . . . . . 6 1 . . 2 1 1 . . . . . 1 . . . . . . . Artifact . | . . . . . . . . . . . . . . . . . . . . . . . . . Weapon 22 | 2 4 2 . . 4 . 1 3 1 1 . 1 . 1 . . . . . . 1 1 . . Energy Gun 1 | . . . . . . . . . . . . . . . . . . . . . 1 . . . Energy Cannon 3 | . . . . . . . . . . . . 1 . 1 . . . . . . . 1 . . Ballistic Gun 13 | 2 4 2 . . 4 . . 1 . . . . . . . . . . . . . . . . Ballistic Cannon . | . . . . . . . . . . . . . . . . . . . . . . . . . Launcher 2 | . . . . . . . 1 . . 1 . . . . . . . . . . . . . . Special Weapon . | . . . . . . . . . . . . . . . . . . . . . . . . . Impact Weapon 2 | . . . . . . . . 2 . . . . . . . . . . . . . . . . Slashing Weapon 1 | . . . . . . . . . 1 . . . . . . . . . . . . . . . Piercing Weapon . | . . . . . . . . . . . . . . . . . . . . . . . . . Special Melee Weapon . | . . . . . . . . . . . . . . . . . . . . . . . . . Unidentified Prototypes 15 | . . . . . 1 . . . . . 4 . . . . . 2 . . 4 4 . . . Parts Lost 3 | . . . . . . . . . . . 1 . . . . . . . . . . . 2 . Power . | . . . . . . . . . . . . . . . . . . . . . . . . . Propulsion . | . . . . . . . . . . . . . . . . . . . . . . . . . Utility 3 | . . . . . . . . . . . 1 . . . . . . . . . . . 2 . Weapon . | . . . . . . . . . . . . . . . . . . . . . . . . . Highest Loss Streak 2 | . . . . . . . . . . . 1 . . . . . . . . . . . 2 . To Critical Strikes . | . . . . . . . . . . . . . . . . . . . . . . . . . Average Backups 9 | 3 7 7 8 13 14 14 15 8 7 7 7 5 5 4 5 5 5 5 5 4 4 4 4 4 Power . | . . . . . . 1 1 . . . . . . . 1 1 1 . . . . . . . Propulsion 1 | . . . 1 2 3 3 4 . . 1 . . . . . . . . . . . . . . Utility 4 | 1 3 3 3 6 4 5 6 5 5 4 5 4 4 2 2 2 1 1 2 2 2 2 1 1 Weapon 2 | . 3 2 3 3 5 5 4 1 1 2 2 1 1 1 1 1 1 1 . 1 1 1 2 2 Tool/Special . | . . . . . . . . . . . . . . . . . . . . . . . . . Unused Backups 26 | 1 3 2 . . 4 4 . . 5 . . 1 . . . . 1 1 . 1 . . . 3 Power 2 | 1 . . . . . . . . . . . . . . . . . 1 . . . . . . Propulsion 5 | . . . . . 1 3 . . 1 . . . . . . . . . . . . . . . Utility 10 | . 2 2 . . . . . . 2 . . 1 . . . . 1 . . 1 . . . 1 Weapon 7 | . 1 . . . 2 1 . . 2 . . . . . . . . . . . . . . 1 Tool/Special 2 | . . . . . 1 . . . . . . . . . . . . . . . . . . 1 Average Slot Usage (%) 99 | . 100 100 100 100 99 100 100 99 99 99 99 100 100 99 100 100 100 100 98 99 96 98 95 95 Engine 6 | . 14 14 14 14 9 9 9 . 3 . . . . . . . . . 4 5 5 4 4 4 Core 2 | . . . . . . . . 6 2 6 6 6 6 4 5 5 5 5 5 5 5 4 4 4 Treads 14 | . 28 28 28 28 27 27 27 . . . . . . . . . . . . . . . . . Flight 14 | . . . . . . . . 29 33 33 33 33 33 29 29 29 29 29 28 31 31 28 26 24 Device 7 | . 14 14 14 14 2 9 9 7 6 2 5 6 . 4 5 5 5 5 5 5 5 4 5 8 Storage 7 | . 14 14 14 14 9 9 9 7 6 6 6 . . . . . . . . . . . . . Processor 8 | . . . . . 7 . . 14 20 16 13 19 17 17 17 17 17 17 15 15 15 17 21 20 Hackware 8 | . . . . . 8 9 9 7 6 6 6 6 18 17 17 17 17 17 15 14 15 19 16 19 Protection 8 | . . . . . 16 18 17 7 5 12 13 12 9 10 11 11 11 11 10 9 6 9 7 8 Energy Cannon 1 | . . . . . . . . . . . . 5 6 5 5 5 5 5 5 5 4 4 4 4 Ballistic Gun 12 | . 28 28 28 28 18 18 16 . . . . . . . . . . . . . . . . . Launcher 2 | . . . . . . . 1 6 6 6 6 6 6 5 5 5 5 5 5 5 5 4 4 4 Peak Build Rating 142 | 7 12 14 14 15 34 35 35 40 60 63 68 72 74 84 82 82 92 92 102 110 109 123 135 142 Average Rating 49 | 4 9 12 14 14 29 34 34 38 55 59 64 69 72 81 82 82 85 91 98 104 101 119 127 141 On Entrance 61 | . 7 12 14 14 15 34 35 35 39 60 62 67 70 71 82 82 82 92 92 101 105 109 123 135 Naked Turns . | . . . . . . . . . . . . . . . . . . . . . . . . . Heaviest Build 50 | 14 17 17 22 32 50 50 50 20 26 26 33 29 29 29 29 29 29 29 37 31 31 31 34 34 Greatest Support 62 | 40 40 40 40 40 62 62 62 20 26 28 29 29 32 32 32 32 30 30 51 51 36 36 51 36 Greatest Overweight (x) 2 | . . . . . . . . . . . 1 . . . . . . . 2 . . . . . Average Overweight (x) . | . . . . . . . . . . . . . . . . . . . . . . . . . Largest Inventory Capacity 15 | 8 8 8 10 15 15 15 15 15 8 8 8 8 5 5 5 5 5 5 5 5 5 5 5 5 Average Capacity 9 | 5 8 8 9 14 15 15 15 8 8 8 8 5 5 5 5 5 5 5 5 5 5 5 5 5 Most Carried 15 | 5 8 8 10 15 15 15 15 15 8 8 8 8 5 5 5 5 5 5 5 5 5 5 5 5 Average Carried 9 | 3 7 7 8 13 14 14 15 7 7 7 7 5 4 4 5 5 4 4 4 4 4 4 4 4 Final Capacity 15 | 8 8 8 10 15 15 15 15 8 8 8 8 5 5 5 5 5 5 5 5 5 5 5 5 5 Final Carried 15 | 5 8 8 10 15 15 15 15 8 8 8 8 5 5 5 5 5 5 5 5 4 5 5 5 5 Class Distribution -------------------- 29% | Hacker-Scout 28% | Mutant 20% | Hacker-Mutant 6% | Wizard-Scout 5% | Commander-Mutant 4% | Hacker-Skirmisher Dominant Class ---------------- Mutant | -10/Materials Mutant | -10/Mines Mutant | -10/Exiles Mutant | -9/Mines Hacker-Mutant | -8/Materials Commander-Mutant | -8/Storage Hacker-Mutant | -8/Garrison Hacker-Scout | -7/Factory Hacker-Scout | -6/Factory Hacker-Sprinter | -6/Extension Hacker-Assassin | -6/Cetus Hacker-Skirmisher | -6/Archives Hacker-Scout | -6/Hub_04(d) Hacker-Scout | -5/Factory Hacker-Scout | -5/Upper Caves Hacker-Scout | -5/Upper Caves Hacker-Scout | -5/Zhirov Hacker-Scout | -4/Proximity Caves Hacker-Scout | -4/Factory Hacker-Scout | -4/Armory Hacker-Scout | -4/Lab Wizard-Scout | -3/Research Wizard-Scout | -2/Research Wizard-Scout | -1/Access Resources | -11 -10 -10 -10 -9 -8 -8 -8 -7 -6 -6 -6 -6 -6 -5 -5 -5 -5 -4 -4 -4 -4 -3 -2 -1 ----------- Run | Yrd Mat Min Exi Min Mat Sto Gar Fac Fac Ext Cet Arc Hub Fac Upp Upp Zhi Pro Fac Arm Lab Res Res Acc Matter Collected 3430 | 334 236 148 . 44 387 270 338 172 110 495 93 217 . 15 132 . . . 39 199 . . 201 . Remotely . | . . . . . . . . . . . . . . . . . . . . . . . . . Salvage Created 4399 | 179 262 106 . 95 686 353 453 136 192 514 92 310 802 15 63 . . . 39 . . . 102 . Parts 222 | 17 14 7 . 4 36 26 19 6 12 22 8 14 27 3 . . . . 5 . . . 2 . Haulers Intercepted 13 | . 1 . . . 3 5 . . 1 . . . 2 . . . . . . . . . 1 . Recyclers Shooed 2 | 1 . . . . . . . . . 1 . . . . . . . . . . . . . . Parts Field Recycled . | . . . . . . . . . . . . . . . . . . . . . . . . . Retrieved Matter . | . . . . . . . . . . . . . . . . . . . . . . . . . Parts Self-Destructed . | . . . . . . . . . . . . . . . . . . . . . . . . . Prevented . | . . . . . . . . . . . . . . . . . . . . . . . . . Kills | -11 -10 -10 -10 -9 -8 -8 -8 -7 -6 -6 -6 -6 -6 -5 -5 -5 -5 -4 -4 -4 -4 -3 -2 -1 ------- Run | Yrd Mat Min Exi Min Mat Sto Gar Fac Fac Ext Cet Arc Hub Fac Upp Upp Zhi Pro Fac Arm Lab Res Res Acc Combat Hostiles Destroyed 60 | . 4 5 . 2 14 4 14 . . 13 . 1 3 . . . . . . . . . . . Melee 1 | . . . . . . . . . . 1 . . . . . . . . . . . . . . Guns 40 | . 4 5 . 2 14 4 11 . . . . . . . . . . . . . . . . . Cannons 1 | . . . . . . . . . . . . 1 . . . . . . . . . . . . AOE 18 | . . . . . . . 3 . . 12 . . 3 . . . . . . . . . . . Classes Destroyed 13 | 2 4 1 . . 3 . . 1 . 1 1 . . . . . . . . . . . . . Worker 20 | . 1 . . . . 1 . 3 5 . . . 7 1 . . . . 2 . . . . . Builder 3 | . . . . . . . . . . 1 . . 2 . . . . . . . . . . . Tunneler 8 | 5 . 1 . . 1 . . . . 1 . . . . . . . . . . . . . . Hauler 13 | . 1 . . . 3 5 . . 1 . . . 2 . . . . . . . . . 1 . Recycler 3 | 1 . . . . . . . . . 1 . . 1 . . . . . . . . . . . Mechanic 1 | . . . . . . . . 1 . . . . . . . . . . . . . . . . Operator 12 | . . . . . 1 . . . 1 1 . 7 2 . . . . . . . . . . . Watcher 11 | . 2 . . . . . . 3 . 1 1 . 4 . . . . . . . . . . . Swarmer 25 | . . 4 . . 6 3 6 . . 4 . . 2 . . . . . . . . . . . Grunt 25 | . 4 1 . 2 5 . 8 . . 5 . . . . . . . . . . . . . . Brawler 1 | . . . . . 1 . . . . . . . . . . . . . . . . . . . Sentry 9 | . . . . . 2 1 . . . 4 . 1 1 . . . . . . . . . . . Decomposer 3 | . . . . . . . . . . . . . . . 3 . . . . . . . . . Butcher 1 | . . . . . . . . . . . 1 . . . . . . . . . . . . . Best Kill Streak 21 | 6 4 3 . 2 5 3 4 4 3 6 1 5 21 1 . . . . 2 . . . 1 . Combat Bots Only 5 | . 2 2 . 2 5 2 4 . . 5 . 1 3 . . . . . . . . . . . Max Kills in Single Turn 13 | 1 2 1 . 1 1 1 2 1 1 4 1 1 13 1 1 . . . 1 . . . 1 . Gunslinging 1 | . 1 . . . . . . . . . . . . . . . . . . . . . . . Exploded 4 | . . . . . . . 2 . . 4 . . 3 . . . . . . . . . . . Melee 1 | . . . . . . . . . . 1 . . . . . . . . . . . . . . Uniques/NPCs Destroyed 1 | . . . . . . . . . . . 1 . . . . . . . . . . . . . A7 (-6/Cetus) Combat | -11 -10 -10 -10 -9 -8 -8 -8 -7 -6 -6 -6 -6 -6 -5 -5 -5 -5 -4 -4 -4 -4 -3 -2 -1 -------- Run | Yrd Mat Min Exi Min Mat Sto Gar Fac Fac Ext Cet Arc Hub Fac Upp Upp Zhi Pro Fac Arm Lab Res Res Acc Hostile Shots Fired 313 | . 25 37 . . 36 3 40 . . 54 17 5 21 9 7 4 . 2 11 7 . 3 32 . Missed 124 | . 4 14 . . 4 1 10 . . 27 4 2 16 5 3 3 . 1 8 5 . . 17 . Hits 189 | . 21 23 . . 32 2 30 . . 27 13 3 5 4 4 1 . 1 3 2 . 3 15 . Melee 2 | . . . . . 1 . . . . . . . . . . . . . . 1 . . . . Projectile 187 | . 21 23 . . 31 2 30 . . 27 13 3 5 4 4 1 . 1 3 1 . 3 15 . Critical Strikes 7 | . 1 . . . . . . . . 2 3 . . . . . . . 1 . . . . . Damage Taken 2236 | . 193 157 . . 274 17 281 . 21 284 206 58 166 64 54 18 . 12 43 61 . 64 263 . Core 354 | . 51 25 . . 28 4 20 . . 37 60 . 66 18 14 . . . . . . . 31 . Absorbed by Shields 99 | . . . . . . . . . 7 34 58 . . . . . . . . . . . . . Redirected to Shielding 153 | . . . . . . . . . . 6 20 . 17 . . 11 . . . 13 . 26 60 . Ignored by Resistances 806 | . 62 52 . . 143 15 148 . 7 89 70 16 44 18 15 5 . 4 12 16 . 17 73 . Regen/Repaired (Parts) 630 | . . . . . . . . . . . 57 37 1 187 . 40 . 12 51 74 . 23 109 39 Core Remaining (%) 93 | 100 . . . 69 . . 90 100 . . . . 80 . . . . 96 . . 100 100 97 100 Volleys Fired 401 | 16 20 16 . 2 37 20 44 . 3 23 11 45 9 27 3 8 . . 17 14 35 19 23 9 Largest 2 | 2 2 2 . 2 2 2 2 . 1 1 1 1 1 1 1 1 . . 1 1 1 1 1 1 Hottest 105 | 40 46 46 . 46 50 50 50 . 30 43 43 90 90 90 90 90 . . 90 90 90 105 105 105 Shots Fired 539 | 32 40 32 . 4 74 40 73 . 3 22 11 45 8 27 3 8 . . 17 14 35 19 23 9 Gun 292 | 32 40 32 . 4 74 40 70 . . . . . . . . . . . . . . . . . Cannon 206 | . . . . . . . . . . . . 45 6 27 3 8 . . 17 14 35 19 23 9 Launcher 41 | . . . . . . . 3 . 3 22 11 . 2 . . . . . . . . . . . Special . | . . . . . . . . . . . . . . . . . . . . . . . . . Kinetic 292 | 32 40 32 . 4 74 40 70 . . . . . . . . . . . . . . . . . Thermal 206 | . . . . . . . . . . . . 45 6 27 3 8 . . 17 14 35 19 23 9 Explosive 41 | . . . . . . . 3 . 3 22 11 . 2 . . . . . . . . . . . Electromagnetic . | . . . . . . . . . . . . . . . . . . . . . . . . . Robot Hit Streak 23 | 8 23 6 . 6 13 9 13 . . 10 12 16 . 3 3 . . . 6 . . . 4 . Robot Miss Streak 2 | 1 2 1 . . 1 2 2 . . 1 . 2 . 1 . . . . 1 . . . 2 . Penetration Max . | . . . . . . . . . . . . . . . . . . . . . . . . . Secondary Targets 10 | . 2 1 . 1 2 . 4 . . . . . . . . . . . . . . . . . Max Gunslinging Chain 1 | . 1 1 . 1 1 . 1 . . . . . . . . . . . . . . . . . Shots Hit Robots 333 | 24 34 23 . 4 58 28 47 8 14 20 21 36 . 4 3 . . . 3 . . . 6 . Core Hits 208 | 10 11 6 . 2 30 13 22 2 8 32 29 13 23 1 2 . . . 3 . . . 1 . Critical Kills 3 | . . . . . . . 1 . . . . 2 . . . . . . . . . . . . Critical Parts Destroyed 5 | . 1 . . 1 1 . . 2 . . . . . . . . . . . . . . . . Critical Strikes 11 | . 1 . . 1 1 . 1 2 1 1 1 2 . . . . . . . . . . . . Meltdown 2 | . . . . . . . . . . . . 2 . . . . . . . . . . . . Destroy 4 | . 1 . . 1 1 . 1 . . . . . . . . . . . . . . . . . Smash 2 | . . . . . . . . 2 . . . . . . . . . . . . . . . . Sever 3 | . . . . . . . . . 1 1 1 . . . . . . . . . . . . . Melee Attacks 65 | . . . . . . . . 14 29 9 13 . . . . . . . . . . . . . Impact 18 | . . . . . . . . 14 4 . . . . . . . . . . . . . . . Slashing 47 | . . . . . . . . . 25 9 13 . . . . . . . . . . . . . Piercing . | . . . . . . . . . . . . . . . . . . . . . . . . . Sneak Attacks 25 | . . . . . . . . 4 6 2 13 . . . . . . . . . . . . . Combat Hostiles 1 | . . . . . . . . . . 1 . . . . . . . . . . . . . . Follow-up Attacks . | . . . . . . . . . . . . . . . . . . . . . . . . . Damage Inflicted 13879 | 255 542 351 . 66 993 534 1070 500 914 2138 2157 1255 2536 138 104 . . . 103 . . . 223 . Guns 3520 | 255 539 350 . 62 983 509 822 . . . . . . . . . . . . . . . . . Cannons 1823 | . . . . . . . . . . . . 1255 . 138 104 . . . 103 . . . 223 . Explosions 5916 | . . . . . . . 248 . 29 1730 1373 . 2536 . . . . . . . . . . . Melee 2577 | . . . . . . . . 500 885 408 784 . . . . . . . . . . . . . Ramming 43 | . 3 1 . 4 10 25 . . . . . . . . . . . . . . . . . . Kinetic 3520 | 255 539 350 . 62 983 509 822 . . . . . . . . . . . . . . . . . Thermal 1874 | . . . . . . . . . . . . 1255 51 138 104 . . . 103 . . . 223 . Explosive 3415 | . . . . . . . 248 . 29 1730 1373 . 35 . . . . . . . . . . . Electromagnetic 2450 | . . . . . . . . . . . . . 2450 . . . . . . . . . . . Impact 500 | . . . . . . . . 500 . . . . . . . . . . . . . . . . Slashing 2077 | . . . . . . . . . 885 408 784 . . . . . . . . . . . . . Piercing . | . . . . . . . . . . . . . . . . . . . . . . . . . Highest Corruption 1 | . . . . . . . . . . 1 1 1 1 . . . . . . . . . . 1 Average Corruption 1 | . . . . . . . . . . 1 1 1 1 . . . . . . . . . . 1 Corruption Purged 1 | . . . . . . . . . . . . 1 . . . . . . . . . . . . Corruption Blocked . | . . . . . . . . . . . . . . . . . . . . . . . . . Effects 8 | . . . . . . . . . . 3 2 1 1 . . . . . . . . . . 1 Matter Fused 1 | . . . . . . . . . . . . . . . . . . . . . . . . 1 Energy Discharges 3 | . . . . . . . . . . 1 1 1 . . . . . . . . . . . . Data Loss (minor) 1 | . . . . . . . . . . . 1 . . . . . . . . . . . . . Data Loss (major) 1 | . . . . . . . . . . 1 . . . . . . . . . . . . . . Weapon Failures 2 | . . . . . . . . . . 1 . . 1 . . . . . . . . . . . Overload Shots . | . . . . . . . . . . . . . . . . . . . . . . . . . Overflow Damage 881 | . . . . . . . 6 275 62 37 88 97 252 30 20 . . . . . . . 14 . Projectiles 161 | . . . . . . . . . . . . 97 . 30 20 . . . . . . . 14 . Explosions 293 | . . . . . . . 6 . . 27 8 . 252 . . . . . . . . . . . Melee 427 | . . . . . . . . 275 62 10 80 . . . . . . . . . . . . . Knockbacks 3 | . . . . . 1 . . 2 . . . . . . . . . . . . . . . . Impact 3 | . . . . . 1 . . 2 . . . . . . . . . . . . . . . . Kinetic . | . . . . . . . . . . . . . . . . . . . . . . . . . Secondary . | . . . . . . . . . . . . . . . . . . . . . . . . . Self-Inflicted Damage 188 | . . . . . . . . . 28 19 . . 141 . . . . . . . . . . . Shots 4 | . . . . . . . . . 1 1 . . 2 . . . . . . . . . . . Rammed 11 | . 1 1 . 1 3 5 . . . . . . . . . . . . . . . . . . Targets Rammed 12 | . 1 2 . 1 3 5 . . . . . . . . . . . . . . . . . . Kicked . | . . . . . . . . . . . . . . . . . . . . . . . . . Crushed 1 | . . 1 . . . . . . . . . . . . . . . . . . . . . . Highest Temperature 365 | . 48 1 . . 183 . 27 . 4 263 18 174 119 365 90 130 . . 118 23 12 30 200 15 Average Temperature 41 | . 22 1 . . 78 . 9 . 1 58 6 44 40 56 52 45 . . 38 17 7 14 33 8 Received Heat Transfer 1004 | . 159 48 . . 117 . 234 . . 368 . . 6 18 . . . 9 . . . 9 36 . Siege Activations . | . . . . . . . . . . . . . . . . . . . . . . . . . Martial Activations . | . . . . . . . . . . . . . . . . . . . . . . . . . Shielding Activations . | . . . . . . . . . . . . . . . . . . . . . . . . . Robots Disrupted . | . . . . . . . . . . . . . . . . . . . . . . . . . Combat Hostiles . | . . . . . . . . . . . . . . . . . . . . . . . . . Robots Corrupted 5 | . . . . . . . . 2 . . . . 3 . . . . . . . . . . . Combat Hostiles . | . . . . . . . . . . . . . . . . . . . . . . . . . Parts Fried 18 | . . . . . . . . 4 . . . . 14 . . . . . . . . . . . Impact Corruptions 9 | . . . . . . . . 9 . . . . . . . . . . . . . . . . Robots Melted 2 | . . . . . . . . . . . . 2 . . . . . . . . . . . . Combat Hostiles . | . . . . . . . . . . . . . . . . . . . . . . . . . Parts Melted 4 | . . . . . . 1 . . . . . 3 . . . . . . . . . . . . Heat Transferred 2592 | . . . . . . . . . . . . 1950 50 148 111 . . . 111 . . . 222 . Parts Sabotaged . | . . . . . . . . . . . . . . . . . . . . . . . . . Parts Stolen . | . . . . . . . . . . . . . . . . . . . . . . . . . Parts Stripped . | . . . . . . . . . . . . . . . . . . . . . . . . . Power Chain Reactions 1 | . . . . . . . . . . . . . 1 . . . . . . . . . . . Alert | -11 -10 -10 -10 -9 -8 -8 -8 -7 -6 -6 -6 -6 -6 -5 -5 -5 -5 -4 -4 -4 -4 -3 -2 -1 ------- Run | Yrd Mat Min Exi Min Mat Sto Gar Fac Fac Ext Cet Arc Hub Fac Upp Upp Zhi Pro Fac Arm Lab Res Res Acc Maximum Alert Level 3 | . . . . . 1 1 2 1 . 1 1 . 3 2 . . . . . . . . 1 . Low Security (%) 77 | 100 100 100 . 100 88 81 14 66 100 45 20 100 76 . . . . . 100 100 . 100 98 100 Level 1 15 | . . . . . 11 18 19 33 . 54 79 . 8 72 . . . . . . . . 1 . Level 2 7 | . . . . . . . 65 . . . . . 3 27 . . . . . . . . . . Level 3 . | . . . . . . . . . . . . . 12 . . . . . . . . . . . Level 4 . | . . . . . . . . . . . . . . . . . . . . . . . . . Level 5 . | . . . . . . . . . . . . . . . . . . . . . . . . . High Security . | . . . . . . . . . . . . . . . . . . . . . . . . . Max Security . | . . . . . . . . . . . . . . . . . . . . . . . . . Peak Influence 893 | 20 50 59 . 41 310 238 644 292 61 370 271 161 893 485 . . . . 132 53 . 60 203 119 Initial 377 | . . 2 . . . 109 107 292 19 11 165 60 28 377 . . . . 24 44 . . 6 110 Average 113 | 4 8 6 . 4 42 143 382 173 21 204 223 117 178 392 . . . . 84 16 . 25 53 33 Influence Increases 5685 | 30 124 134 . 61 465 520 557 105 195 629 136 148 955 361 45 60 . 45 242 177 . 145 494 57 Destroy 0b10 Robot/C 1680 | . 80 100 . 40 280 280 300 . 20 300 80 80 80 . . . . . . 40 . . . . Destroy 0b10 Robot/NC 365 | 30 20 5 . . 25 40 . 35 35 25 5 35 90 5 . . . . 10 . . . 5 . Destroy Leader 278 | . 16 20 . 10 56 82 10 6 2 42 . . 32 . . . . . . . . . 2 . Allied During Kill 125 | . . . . 1 . 82 6 . . 22 9 . 1 . . . . . . 4 . . . . Trap Triggered on 0b10 40 | . . . . . . . . . . 20 . . . . . . . . . 20 . . . . Successful Hack 497 | . 7 . . 10 19 27 12 5 31 39 10 . 32 145 . . . . 36 56 . 22 31 15 Disable Machine 468 | . . 9 . . 9 9 9 27 27 18 . 27 252 18 . . . . 9 18 . 18 9 9 Anti-Garrison Action 200 | . . . . . . . 200 . . . . . . . . . . . . . . . . . Destroy Structure 577 | . 1 . . . 1 . 5 2 35 103 32 6 228 28 . . . . 22 24 . 30 42 18 Partial Spotted 330 | . . . . . 15 . . . 30 . . . 15 . . . . . 105 15 . 15 120 15 Lose Combat Pursuer 1125 | . . . . . 60 . 15 30 15 60 . . 225 165 45 60 . 45 60 . . 60 285 . Influence Decreases 5676 | 30 117 141 . 60 161 636 102 702 214 317 295 231 160 846 203 190 120 . 181 274 9 131 297 259 Entered New Map 2137 | . . 5 . . 1 196 82 352 28 17 175 121 70 516 183 70 120 . 21 62 9 . 8 101 Time Decay 2508 | 30 117 136 . 60 160 280 . 290 146 180 110 110 70 180 20 120 . . 160 134 . 74 94 37 Search Patrol Dispatched 150 | . . . . . . . . . . . . . . 150 . . . . . . . . . . Lost Part 30 | . . . . . . . . . . . 10 . . . . . . . . . . . 20 . Lost Ally 440 | . . . . . . 160 20 60 40 120 . . 20 . . . . . . 20 . . . . Purge Threat 411 | . . . . . . . . . . . . . . . . . . . . 58 . 57 175 121 Squads Dispatched 22 | . . 1 . . 1 1 . 2 2 2 . . . 4 . . . . 1 2 . 2 3 1 Investigation 5 | . . 1 . . . . . 1 1 . . . . 1 . . . . . 1 . . . . Extermination 7 | . . . . . . . . 1 1 . . . . . . . . . 1 1 . 1 2 . Reinforcement 9 | . . . . . 1 . . . . 2 . . . 3 . . . . . . . 1 1 1 Assault . | . . . . . . . . . . . . . . . . . . . . . . . . . Garrison 1 | . . . . . . 1 . . . . . . . . . . . . . . . . . . Intercept . | . . . . . . . . . . . . . . . . . . . . . . . . . Searches Triggered 1 | . . . . . . . . . . . . . . 1 . . . . . . . . . . Construction Impeded 2 | . . . . . . . . . . 2 . . . . . . . . . . . . . . Haulers Reinforced 1 | . . . . . . . . . . . . . . 1 . . . . . . . . . . Active Scanning Responses . | . . . . . . . . . . . . . . . . . . . . . . . . . Cargo Convoy Interrupts . | . . . . . . . . . . . . . . . . . . . . . . . . . Stealth | -11 -10 -10 -10 -9 -8 -8 -8 -7 -6 -6 -6 -6 -6 -5 -5 -5 -5 -4 -4 -4 -4 -3 -2 -1 --------- Run | Yrd Mat Min Exi Min Mat Sto Gar Fac Fac Ext Cet Arc Hub Fac Upp Upp Zhi Pro Fac Arm Lab Res Res Acc Distress Signals 21 | . 1 . . . 1 3 . . . 3 1 . 7 1 . . . . 1 . . . 3 . Communications Jammed . | . . . . . . . . . . . . . . . . . . . . . . . . . Distress Signals . | . . . . . . . . . . . . . . . . . . . . . . . . . Times Spotted 231 | . 10 8 . 2 19 10 15 3 4 20 4 36 10 18 5 4 . 2 14 4 . 6 36 1 Peak Tracking Total 16 | . 3 3 . 1 7 4 4 2 2 4 5 1 13 8 3 5 . 3 7 3 . 4 16 1 Tactical Retreats 27 | . . . . . 2 . 1 1 1 3 . . 2 4 1 1 . 1 1 . . 2 7 . Traps | -11 -10 -10 -10 -9 -8 -8 -8 -7 -6 -6 -6 -6 -6 -5 -5 -5 -5 -4 -4 -4 -4 -3 -2 -1 ------- Run | Yrd Mat Min Exi Min Mat Sto Gar Fac Fac Ext Cet Arc Hub Fac Upp Upp Zhi Pro Fac Arm Lab Res Res Acc Traps Triggered 9 | . . . . . . . . 2 1 1 . . 2 1 . . . . . 1 . . . 1 Indirectly . | . . . . . . . . . . . . . . . . . . . . . . . . . Trap Hack Attempts . | . . . . . . . . . . . . . . . . . . . . . . . . . Triggered . | . . . . . . . . . . . . . . . . . . . . . . . . . Disarmed . | . . . . . . . . . . . . . . . . . . . . . . . . . Reprogrammed 53 | . . . . . . 6 . . 4 9 . . . 2 . . . . 4 8 . 12 . 8 Reused 4 | . . . . . . . . . . 2 . . . . . . . . . 2 . . . . Traps Extracted . | . . . . . . . . . . . . . . . . . . . . . . . . . Installed . | . . . . . . . . . . . . . . . . . . . . . . . . . Triggered 4 | . . . . . . . . . . 2 . . . . . . . . . 2 . . . . Machines | -11 -10 -10 -10 -9 -8 -8 -8 -7 -6 -6 -6 -6 -6 -5 -5 -5 -5 -4 -4 -4 -4 -3 -2 -1 ---------- Run | Yrd Mat Min Exi Min Mat Sto Gar Fac Fac Ext Cet Arc Hub Fac Upp Upp Zhi Pro Fac Arm Lab Res Res Acc Machines Disabled 65 | . . 1 . . 1 1 5 3 3 2 . 3 28 2 . . . . 1 2 9 2 1 1 Max in Single Turn 14 | . . 1 . . 1 . 1 1 1 1 . 1 14 1 . . . . 1 1 1 1 1 1 Garrison Access 9 | . . . . . . . . . 1 . . . 1 1 . . . . 2 . . 2 2 . Garrison Relay 4 | . . . . . . . 4 . . . . . . . . . . . . . . . . . Network Hub 2 | . . . . . . . . . . . . . 2 . . . . . . . . . . . Machines Repaired . | . . . . . . . . . . . . . . . . . . . . . . . . . Machines Dismantled . | . . . . . . . . . . . . . . . . . . . . . . . . . Machines Sabotaged . | . . . . . . . . . . . . . . . . . . . . . . . . . Overloaded Fab Kills . | . . . . . . . . . . . . . . . . . . . . . . . . . Hacking | -11 -10 -10 -10 -9 -8 -8 -8 -7 -6 -6 -6 -6 -6 -5 -5 -5 -5 -4 -4 -4 -4 -3 -2 -1 --------- Run | Yrd Mat Min Exi Min Mat Sto Gar Fac Fac Ext Cet Arc Hub Fac Upp Upp Zhi Pro Fac Arm Lab Res Res Acc Machines Accessed 123 | . 2 1 1 1 5 10 2 7 12 12 2 . 7 10 . 1 4 . 15 4 2 8 13 4 Terminals 79 | . 2 . . 1 4 7 2 1 8 11 2 . 6 7 . 1 . . 8 4 . 4 8 3 Fabricators 8 | . . . . . . . . 3 1 . . . . . . . . . 2 . . . 1 1 Repair Stations 6 | . . . . . . . . 2 . . . . . 1 . . . . 2 . . . 1 . Recycling Units 11 | . . . . . 1 2 . 1 1 1 . . . 1 . . . . 1 . . 2 1 . Scanalyzers 1 | . . . . . . . . . 1 . . . . . . . . . . . . . . . Garrison Access 10 | . . . . . . 1 . . 1 . . . 1 1 . . . . 2 . . 2 2 . Total Hacks 480 | . 4 1 1 3 15 23 5 13 27 47 4 . 32 68 . 1 16 . 54 28 19 42 60 17 Successful 337 | . 3 1 1 3 13 17 2 4 14 20 2 . 25 48 . 1 16 . 35 19 19 32 50 12 Failed 143 | . 1 . . . 2 6 3 9 13 27 2 . 7 20 . . . . 19 9 . 10 10 5 Catastrophic 9 | . . . . . . . . 2 4 2 1 . . . . . . . . . . . . . Database Lockouts . | . . . . . . . . . . . . . . . . . . . . . . . . . Manual . | . . . . . . . . . . . . . . . . . . . . . . . . . Terminals 372 | . 4 . . 3 12 18 5 2 17 45 4 . 31 58 . 1 . . 40 28 . 36 52 16 Fabricators 10 | . . . . . . . . 4 1 . . . . . . . . . 3 . . . 1 1 Repair Stations 19 | . . . . . . . . 5 . . . . . 6 . . . . 6 . . . 2 . Recycling Units 24 | . . . . . 3 3 . 2 1 2 . . . 3 . . . . 3 . . 4 3 . Scanalyzers 6 | . . . . . . . . . 6 . . . . . . . . . . . . . . . Garrison Access 12 | . . . . . . 2 . . 2 . . . 1 1 . . . . 2 . . 2 2 . Terminal Hacks 284 | . 3 1 1 3 10 12 2 . 7 20 2 . 24 39 . 1 16 . 25 19 19 27 42 11 Record 35 | . . . 1 . . . . . . 2 1 . 1 . . 1 4 . 1 . 19 2 3 . Part Schematic 42 | . . . . . . 1 . . . 1 . . 6 11 . . 4 . 1 3 . 6 9 . Robot Schematic 2 | . . . . . . . . . . . . . . . . . . . . . . 1 1 . Robot Analysis 13 | . . . . . . 1 . . . . . . . 3 . . 4 . . 1 . 1 3 . Prototype ID Bank 30 | . 1 . . . 3 1 . . 1 2 . . 4 2 . . 4 . 3 2 . 3 3 1 Open Door 12 | . . 1 . . . 2 1 . 1 4 1 . . . . . . . . 1 . . . 1 Open DSF 1 | . . . . . . . . . 1 . . . . . . . . . . . . . . . Level Access Points 4 | . 1 . . . . . . . . . . . . . . . . . 1 . . 1 . 1 Branch Access Points 4 | . . . . . 1 . . . . . . . . 1 . . . . 1 . . . 1 . Emergency Access Points 18 | . . . . . 1 . 1 . . . . . 3 2 . . . . 2 3 . 1 4 1 Machine Index 6 | . . . . . 1 . . . . . . . . 1 . . . . 1 . . 1 1 1 Terminal Index 3 | . . . . . 1 . . . . . . . . . . . . . . 1 . 1 . . Fabricator Index 2 | . . . . . . . . . . . . . . 1 . . . . . . . . 1 . Repair Station Index 3 | . . . . . . . . . . . . . . 1 . . . . 1 1 . . . . Recycling Unit Index 2 | . . . . . . . . . . . . . . 1 . . . . . . . . 1 . Scanalyzer Index 2 | . . . . . . . . . . . . . 1 . . . . . 1 . . . . . Garrison Index 2 | . . . . . . . . . . . . . . . . . . . 1 . . 1 . . Alert Level 11 | . . . . . . 1 . . . 1 . . 1 1 . . . . 1 1 . 1 3 1 Unreport Threat 6 | . . . . . . . . . . . . . . . . . . . . 1 . 1 3 1 Locate Traps 20 | . . . . . 1 2 . . 2 2 . . 1 2 . . . . 2 2 . 2 3 1 Reprogram Traps 14 | . . . . . . 1 . . 1 3 . . . 1 . . . . 1 2 . 3 . 2 Dispatch Records 4 | . . . . 1 1 . . . . 1 . . . 1 . . . . . . . . . . Maintenance Status 1 | . . . . . . . . . . . . . 1 . . . . . . . . . . . Patrol Status 1 | . . . . 1 . . . . . . . . . . . . . . . . . . . . Investigation Status 3 | . . . . . . . . . . . . . . 2 . . . . 1 . . . . . Extermination Status 1 | . . . . . . . . . . . . . . . . . . . 1 . . . . . Reinforcement Status 2 | . . . . . . . . . . 1 . . . 1 . . . . . . . . . . Assault Status 2 | . . . . . . . . . . . . . 1 1 . . . . . . . . . . Recall Investigation 1 | . . . . . . . . . . . . . . . . . . . . . . . 1 . Recall Extermination 1 | . . . . . . . . . . . . . . 1 . . . . . . . . . . Recall Reinforcements 2 | . . . . . . . . . . 1 . . . 1 . . . . . . . . . . Hauler Manifests 10 | . 1 . . . . 2 . . 1 . . . 2 2 . . . . 1 . . 1 . . Registered Components 8 | . . . . . 1 . . . . 1 . . 1 1 . . . . 1 1 . 1 1 . Registered Prototypes 2 | . . . . . . 1 . . . . . . . . . . . . . . . . 1 . Zone Layout 14 | . . . . 1 . . . . . 1 . . 2 2 . . . . 4 . . . 3 1 Fabricator Hacks 6 | . . . . . . . . 2 . . . . . . . . . . 2 . . . 1 1 Network Status 6 | . . . . . . . . 2 . . . . . . . . . . 2 . . . 1 1 Repair Station Hacks 12 | . . . . . . . . 1 . . . . . 5 . . . . 4 . . . 2 . Scan Component 5 | . . . . . . . . . . . . . . 3 . . . . 1 . . . 1 . Repair 4 | . . . . . . . . . . . . . . 2 . . . . 1 . . . 1 . Refit 3 | . . . . . . . . 1 . . . . . . . . . . 2 . . . . . Recycling Unit Hacks 19 | . . . . . 3 3 . 1 1 . . . . 3 . . . . 2 . . 3 3 . Process 2 | . . . . . . . . . . . . . . 1 . . . . . . . . 1 . Report Inventory 9 | . . . . . 1 2 . . 1 . . . . 1 . . . . 1 . . 2 1 . Retrieve Matter 4 | . . . . . 1 1 . . . . . . . 1 . . . . . . . . 1 . Retrieve Components 4 | . . . . . 1 . . 1 . . . . . . . . . . 1 . . 1 . . Scanalyzer 5 | . . . . . . . . . 5 . . . . . . . . . . . . . . . Insert Component 1 | . . . . . . . . . 1 . . . . . . . . . . . . . . . Analyze 4 | . . . . . . . . . 4 . . . . . . . . . . . . . . . Garrison Access Hacks 11 | . . . . . . 2 . . 1 . . . 1 1 . . . . 2 . . 2 2 . Unlock Access 1 | . . . . . . 1 . . . . . . . . . . . . . . . . . . Seal Access 9 | . . . . . . . . . 1 . . . 1 1 . . . . 2 . . 2 2 . Coupler Status 1 | . . . . . . 1 . . . . . . . . . . . . . . . . . . Unauthorized Hacks . | . . . . . . . . . . . . . . . . . . . . . . . . . Terminals . | . . . . . . . . . . . . . . . . . . . . . . . . . Fabricators . | . . . . . . . . . . . . . . . . . . . . . . . . . Repair Stations . | . . . . . . . . . . . . . . . . . . . . . . . . . Recycling Units . | . . . . . . . . . . . . . . . . . . . . . . . . . Scanalyzers . | . . . . . . . . . . . . . . . . . . . . . . . . . Garrison Access . | . . . . . . . . . . . . . . . . . . . . . . . . . Data Cores Recovered 1 | . . . . . . 1 . . . . . . . . . . . . . . . . . . Used 1 | . . . . . . 1 . . . . . . . . . . . . . . . . . . Hacking Detections 68 | . 1 . . 1 2 6 2 6 7 10 1 . 5 6 . . . . 5 2 . 4 7 3 Full Trace Events 1 | . . . . . . . . . 1 . . . . . . . . . . . . . . . Feedback Events . | . . . . . . . . . . . . . . . . . . . . . . . . . Feedback Blocked . | . . . . . . . . . . . . . . . . . . . . . . . . . Robot Schematics Acquired 2 | . . . . . . . . . . . . . . . . . . . . . . 1 1 . Robots Built . | . . . . . . . . . . . . . . . . . . . . . . . . . Authchips . | . . . . . . . . . . . . . . . . . . . . . . . . . Time . | . . . . . . . . . . . . . . . . . . . . . . . . . Total Robot Build Rating . | . . . . . . . . . . . . . . . . . . . . . . . . . Part Schematics Acquired 43 | . . . . . . 1 . . 1 1 . . 6 11 . . 4 . 1 3 . 6 9 . Parts Built . | . . . . . . . . . . . . . . . . . . . . . . . . . Authchips . | . . . . . . . . . . . . . . . . . . . . . . . . . Time . | . . . . . . . . . . . . . . . . . . . . . . . . . Total Part Build Rating . | . . . . . . . . . . . . . . . . . . . . . . . . . Parts Repaired 4 | . . . . . . . . . . . . . . 2 . . . . 1 . . . 1 . Time 65 | . . . . . . . . . . . . . . 28 . . . . 25 . . . 12 . Parts Recycled . | . . . . . . . . . . . . . . . . . . . . . . . . . Recycled Matter 31 | . . . . . . . . . . . . . . 18 . . . . . . . . 13 . Retrieved Matter 153 | . . . . . 122 . . . . . . . . 18 . . . . . . . . 13 . Retrieved Components 13 | . . . . . 9 . . . . . . . . . . . . . 1 . . 3 . . Parts Scanalyzed 1 | . . . . . . . . . 1 . . . . . . . . . . . . . . . Part Schematics Acquired 1 | . . . . . . . . . 1 . . . . . . . . . . . . . . . Parts Damaged . | . . . . . . . . . . . . . . . . . . . . . . . . . Bothacking | -11 -10 -10 -10 -9 -8 -8 -8 -7 -6 -6 -6 -6 -6 -5 -5 -5 -5 -4 -4 -4 -4 -3 -2 -1 ------------ Run | Yrd Mat Min Exi Min Mat Sto Gar Fac Fac Ext Cet Arc Hub Fac Upp Upp Zhi Pro Fac Arm Lab Res Res Acc Used RIF Installer . | . . . . . . . . . . . . . . . . . . . . . . . . . Robots Hacked . | . . . . . . . . . . . . . . . . . . . . . . . . . Non-combat . | . . . . . . . . . . . . . . . . . . . . . . . . . Combat . | . . . . . . . . . . . . . . . . . . . . . . . . . Robot Hacks Applied . | . . . . . . . . . . . . . . . . . . . . . . . . . Relay Couplers Released 15 | . . . . . . . 15 . . . . . . . . . . . . . . . . . Machine Destruction 15 | . . . . . . . 15 . . . . . . . . . . . . . . . . . Fabnet Peak Effective % . | . . . . . . . . . . . . . . . . . . . . . . . . . Robots Rewired 14 | . . . . . . . 3 . 2 4 . . . . . . . . . 5 . . . . Allies Hacked . | . . . . . . . . . . . . . . . . . . . . . . . . . Hacks Repelled . | . . . . . . . . . . . . . . . . . . . . . . . . . Allies | -11 -10 -10 -10 -9 -8 -8 -8 -7 -6 -6 -6 -6 -6 -5 -5 -5 -5 -4 -4 -4 -4 -3 -2 -1 -------- Run | Yrd Mat Min Exi Min Mat Sto Gar Fac Fac Ext Cet Arc Hub Fac Upp Upp Zhi Pro Fac Arm Lab Res Res Acc Total Allies 30 | . . . . 1 . 10 3 . 2 9 . . . . . . . . . 5 . . . . Largest Group 10 | . . . . 1 1 10 3 3 2 6 3 1 1 . . . . . . 5 . . . . Highest-Rated Group 324 | . . . . 31 31 173 70 70 70 223 223 39 39 . . . . . . 324 . . . . Highest-Rated Ally 159 | . . . . 31 31 29 25 25 41 159 159 39 39 . . . . . . 68 . . . . Initial Warlord ECA Mod 46 | . . . . . . . . 5 4 4 4 4 4 3 3 3 3 2 2 2 2 1 . . Total Orders . | . . . . . . . . . . . . . . . . . . . . . . . . . Ally Attacks 165 | . . . . 1 . 78 7 6 7 21 19 9 12 . . . . . . 5 . . . . Total Damage 2715 | . . . . 20 . 921 63 113 221 294 462 135 82 . . . . . . 404 . . . . Kills 26 | . . . . . . 12 1 . 1 2 4 3 1 . . . . . . 2 . . . . Allies Corrupted . | . . . . . . . . . . . . . . . . . . . . . . . . . Allies Melted 1 | . . . . . . . . . . 1 . . . . . . . . . . . . . . Intel | -11 -10 -10 -10 -9 -8 -8 -8 -7 -6 -6 -6 -6 -6 -5 -5 -5 -5 -4 -4 -4 -4 -3 -2 -1 ------- Run | Yrd Mat Min Exi Min Mat Sto Gar Fac Fac Ext Cet Arc Hub Fac Upp Upp Zhi Pro Fac Arm Lab Res Res Acc Active Infowar (turns) 5362 | 30 250 . . . 864 . 4 584 379 366 221 236 149 375 54 245 47 67 337 346 177 251 271 109 Optics 4445 | . . . . . 864 . . . 378 366 221 236 101 375 54 245 47 67 337 346 177 251 271 109 Terrain 3681 | . . . . . . . . 584 379 178 213 227 8 369 54 245 47 67 335 337 177 251 210 . Structural 4 | . . . . . . . 4 . . . . . . . . . . . . . . . . . Seismic 280 | 30 250 . . . . . . . . . . . . . . . . . . . . . . . T.N.C. 1 | . . . . . 1 . . . . . . . . . . . . . . . . . . . Machine Analysis 2735 | . . . . . . . . . 76 . . 231 149 375 54 245 47 67 337 346 177 251 271 109 Cloaking 8 | . . . . . . . . . . . . . . . . . . . . . . . 2 6 Robot Analysis Total 13 | . . . . . . 1 . . . . . . . 3 . . 4 . . 1 . 1 3 . Derelict Logs Recovered 4 | . . 1 . 1 . . . . . . . . . . 1 . . 1 . . . . . . Drone Launches . | . . . . . . . . . . . . . . . . . . . . . . . . . Drone Recoveries . | . . . . . . . . . . . . . . . . . . . . . . . . . Exploration | -11 -10 -10 -10 -9 -8 -8 -8 -7 -6 -6 -6 -6 -6 -5 -5 -5 -5 -4 -4 -4 -4 -3 -2 -1 ------------- Run | Yrd Mat Min Exi Min Mat Sto Gar Fac Fac Ext Cet Arc Hub Fac Upp Upp Zhi Pro Fac Arm Lab Res Res Acc Turns Passed 9120 | 123 626 891 441 463 1042 560 745 599 379 366 221 236 149 375 54 245 47 67 337 346 177 251 271 109 Spaces Moved 11814 | 72 332 511 266 273 499 298 380 802 1000 671 190 140 460 875 178 507 135 234 840 704 248 836 1043 320 Core 50 | 50 . . . . . . . . . . . . . . . . . . . . . . . . Treads 2581 | 22 332 511 266 273 499 298 380 . . . . . . . . . . . . . . . . . Legs . | . . . . . . . . . . . . . . . . . . . . . . . . . Wheels . | . . . . . . . . . . . . . . . . . . . . . . . . . Hover 2 | . . . . . . . . . . . . . . . . . . . 2 . . . . . Flight 9181 | . . . . . . . . 802 1000 671 190 140 460 875 178 507 135 234 838 704 248 836 1043 320 Fastest Speed 5 | 50 160 160 165 165 158 158 158 26 23 23 25 25 21 21 21 21 23 23 5 5 20 20 5 20 Average Speed 52 | 83 160 161 165 165 159 158 158 26 23 24 25 25 24 24 24 24 24 23 20 19 20 20 19 20 Slowest Speed 236 | 160 160 165 165 165 163 158 158 26 26 25 105 25 25 25 25 25 25 23 236 20 20 20 20 20 Overloaded Moves 266 | . . . . . . . . . . . . . 49 51 6 10 . . 60 6 . . 84 . Propulsion Burnouts . | . . . . . . . . . . . . . . . . . . . . . . . . . Robots Hopped 139 | . . . . . . . . 8 8 14 . 2 18 17 1 5 . . 17 1 . 10 31 7 Potential Cave-ins 2 | . . . . . . . . . . . . . . . . . . . . . . 2 . . Cave-ins Triggered . | . . . . . . . . . . . . . . . . . . . . . . . . . Teleports 1 | . . . . . . . . . . . . . . . . . . . . 1 . . . . Exploration Rate (%) 51 | 3 44 98 64 70 39 58 50 27 40 80 83 94 44 33 51 71 61 44 33 27 96 27 46 14 Regions Visited 24 Branch Regions 14 Pre-discovered Areas 7 | . . 2 1 . . . . . . . . . . . 1 . 3 . . . . . . . Known Exits Taken 9 | . . . . . 1 1 . . 1 . . . 1 1 1 . . . 1 . 1 1 . . Unknown Exits Taken 14 | 1 1 1 1 1 . . . 1 . 1 1 1 . . . 1 1 1 . 1 . . 1 . Scrap Searched 9 | . . 1 . 2 . . . . . . . . . . 2 3 . 1 . . . . . . Spaces Dug 182 | . . . . . . . 2 2 29 50 . . 4 18 . 8 . . 11 12 9 17 13 7 Terrain Destroyed 815 | . . . . . . . 7 2 34 250 83 2 336 21 . 8 . . 13 12 9 17 14 7 Melee 15 | . . . . . . . . 2 13 . . . . . . . . . . . . . . . Projectile 107 | . . . . . . . . . . . . 2 4 21 . 8 . . 13 12 9 17 14 7 AOE 693 | . . . . . . . 7 . 21 250 83 . 332 . . . . . . . . . . . Terrain Rammed . | . . . . . . . . . . . . . . . . . . . . . . . . . Walls Destroyed . | . . . . . . . . . . . . . . . . . . . . . . . . . Machines Disabled . | . . . . . . . . . . . . . . . . . . . . . . . . . Actions | -11 -10 -10 -10 -9 -8 -8 -8 -7 -6 -6 -6 -6 -6 -5 -5 -5 -5 -4 -4 -4 -4 -3 -2 -1 --------- Run | Yrd Mat Min Exi Min Mat Sto Gar Fac Fac Ext Cet Arc Hub Fac Upp Upp Zhi Pro Fac Arm Lab Res Res Acc Total 13985 | 105 402 550 269 281 702 364 478 1160 1097 816 327 293 465 987 182 611 150 246 971 896 338 890 1057 348 Wait 1363 | . 24 11 . . 119 21 20 297 14 89 98 96 6 91 3 102 . 11 102 133 48 38 15 25 Move 11521 | 71 331 510 265 272 498 297 378 785 983 645 189 135 426 840 175 496 134 233 807 701 247 816 982 305 Hop 128 | . . . . . . . . 8 8 11 . 2 15 17 1 5 . . 15 1 . 9 29 7 Pick Up 77 | 9 7 4 2 5 8 6 . 6 13 1 2 3 1 2 . . 1 1 1 1 . 2 1 1 Fast Attach 55 | 5 1 . . . 4 . . 1 2 . 4 1 1 5 . . 4 . 8 7 5 2 5 . Attach 27 | 2 . . . . 4 . . 8 4 1 1 1 . 2 . . . . . 1 . 1 1 1 Detach 13 | . . . . . 3 . . 1 2 1 . 1 . . . . . . . 2 1 1 1 . Swap 91 | . 7 3 1 1 12 5 4 7 6 12 4 4 6 . . . 4 . 5 9 . 1 . . Drop 125 | 2 11 4 1 . 14 10 . 15 13 2 5 5 1 3 . . 7 1 16 12 2 1 . . Fire 401 | 16 20 16 . 2 37 20 44 . 3 23 11 45 9 27 3 8 . . 17 14 35 19 23 9 Melee 65 | . . . . . . . . 14 29 9 13 . . . . . . . . . . . . . Ram . | . . . . . . . . . . . . . . . . . . . . . . . . . Kick . | . . . . . . . . . . . . . . . . . . . . . . . . . Crush 12 | . 1 2 . 1 3 5 . . . . . . . . . . . . . . . . . . Escape Stasis 23 | . . . . . . . . 18 5 . . . . . . . . . . . . . . . Rewire 84 | . . . . . . . 32 . 15 22 . . . . . . . . . 15 . . . . Trap . | . . . . . . . . . . . . . . . . . . . . . . . . . Miscellaneous . | . . . . . . . . . . . . . . . . . . . . . . . . . Route ------- -11/Scrapyard -10/Materials (discovered 5 exits: *Mat x3 / *Min x2) -10/Mines (discovered 3 exits: *Mat x2 / *Exi) -10/Exiles -9/Mines -8/Materials (discovered 2 exits: *Fac / *Sto) -8/Storage (discovered 2 exits: *Fac / Gar) -8/Garrison (discovered 2 exits: *Fac x2) -7/Factory -6/Factory (discovered 2 exits: *Fac / *Ext) -6/Extension (discovered 2 exits: *Fac / *Cet) -6/Cetus -6/Archives (discovered 3 exits: *Fac / *Hub x2) -6/Hub_04(d) -5/Factory (discovered 2 exits: *Upp x2) -5/Upper Caves -5/Upper Caves (discovered 2 exits: *Fac / *Zhi) -5/Zhirov -4/Proximity Caves -4/Factory (discovered 7 exits: Res x4 / *Upp x2 / *Arm) -4/Armory -4/Lab -3/Research (discovered 3 exits: *Res x3) -2/Research (discovered 3 exits: *Acc / *Tes x2) -1/Access To Epsilon Eridani History --------- Turn | Location | Event 9 | -11/Scrapyard | Discovered new exit (range 15) 124 | -11/Scrapyard | Entered Materials 309 | -10/Materials | Build established: Mutant 379 | -10/Materials | Discovered new exit (range 8) 502 | -10/Materials | Discovered new exit (range 16) 531 | -10/Materials | Discovered new exit (range 6) 570 | -10/Materials | Identified exit to Materials 750 | -10/Materials | Entered Mines 757 | -10/Mines | Met a Derelict bent on vengeance 857 | -10/Mines | Learned location of Storage (-8) 1041 | -10/Mines | Found a Scrap Suit stashed away for nefarious purposes 1274 | -10/Mines | Discovered exit to Materials (range 9) 1285 | -10/Mines | Discovered exit to Materials (range 16) 1350 | -10/Mines | Met a Derelict shopkeep closing up shop 1481 | -10/Mines | Received a Rocket Launcher from a helpful Derelict 1540 | -10/Mines | Deemed a non-threat by the Exiles lab entrance 1540 | -10/Mines | Discovered new exit (range 5) 1641 | -10/Mines | Entered Exiles 1683 | -10/Exiles | Met 8R-AWN 1709 | -10/Exiles | Met EX-HEX 1847 | -10/Exiles | Met EX-BIN 1865 | -10/Exiles | Aligned with FarCom system 1867 | -10/Exiles | Given EX-Vault access code 1981 | -10/Exiles | Met EX-DEC 1987 | -10/Exiles | Learned location of Zion (-7) 2069 | -10/Exiles | Discovered new exit (range 10) 2082 | -10/Exiles | Entered Mines 2360 | -9/Mines | Discovered new exit (range 12) 2384 | -9/Mines | Received a Mining Laser from a helpful Derelict 2545 | -9/Mines | Entered Materials 2545 | -8/Materials | Accompanied by 1 ally 2545 | -8/Materials | Evolved 4 slots: Propulsion x1, Utility x3 2546 | -8/Materials | Identified exit to Storage 2894 | -8/Materials | Build established: Hacker-Mutant 3020 | -8/Materials | Discovered new exit (range 5) 3587 | -8/Materials | Entered Storage 3627 | -8/Storage | Assisted by bots powering up and referring to "LRC-V3" 3863 | -8/Storage | Lost 3 allies 3918 | -8/Storage | Build established: Commander-Mutant 3955 | -8/Storage | Discovered new exit (range 11) 4084 | -8/Storage | Garrison activated, responded to threat 4124 | -8/Storage | Lost 4 allies 4130 | -8/Storage | Identified exit to Garrison 4147 | -8/Storage | Entered Garrison 4147 | -8/Garrison | Accompanied by 1 ally 4253 | -8/Garrison | Triggered checkpoint 4283 | -8/Garrison | Triggered checkpoint 4337 | -8/Garrison | Triggered checkpoint 4382 | -8/Garrison | Build established: Hacker-Mutant 4404 | -8/Garrison | Garrison Relay disabled 4475 | -8/Garrison | Discovered new exit (range 12) 4603 | -8/Garrison | Attempted to access garrison exit controls, blocked by remote lockdown 4809 | -8/Garrison | Triggered checkpoint 4839 | -8/Garrison | Garrison Relay disabled 4853 | -8/Garrison | Garrison Relay disabled 4877 | -8/Garrison | Discovered new exit (range 8) 4892 | -8/Garrison | Entered Factory 4892 | -7/Factory | Accompanied by 3 allies 4892 | -7/Factory | Evolved 2 slots: Propulsion x1, Utility x1 5028 | -7/Factory | Discovered new exit (range 11) 5199 | -7/Factory | Build established: Hacker-Scout 5491 | -7/Factory | Entered another Factory area 5491 | -6/Factory | Evolved 2 slots: Propulsion x1, Utility x1 5766 | -6/Factory | Discovered new exit (range 21) 5790 | -6/Factory | Identified exit to Factory 5860 | -6/Factory | Discovered new exit (range 10) 5862 | -6/Factory | Identified exit to Extension 5870 | -6/Factory | Entered Extension 5887 | -6/Extension | Rescued a captive Derelict 5965 | -6/Extension | Rescued a captive Derelict 5967 | -6/Extension | Spotted B-75 Beast 6078 | -6/Extension | Lost 5 allies 6094 | -6/Extension | Spotted B-75 Beast 6126 | -6/Extension | Rescued A7 6172 | -6/Extension | Rescued a captive Derelict 6173 | -6/Extension | Rescued a captive Derelict 6191 | -6/Extension | Discovered exit to Factory (range 10) 6191 | -6/Extension | Discovered new exit (range 6) 6236 | -6/Extension | Entered Cetus 6236 | -6/Cetus | Accompanied by 3 allies (A7) 6239 | -6/Cetus | Spotted Cetus Guard 6239 | -6/Cetus | Spotted Cetus Guard 6241 | -6/Cetus | Acquired a Cetus Manufacturing Module code from A7 6247 | -6/Cetus | Spotted Cetus Guard 6250 | -6/Cetus | Spotted Cetus Guard 6260 | -6/Cetus | Allies destroyed Cetus Guard 6269 | -6/Cetus | Allies destroyed Cetus Guard 6273 | -6/Cetus | Allies destroyed Cetus Guard 6273 | -6/Cetus | Allies destroyed Cetus Guard 6298 | -6/Cetus | Discovered new exit (range 21) 6336 | -6/Cetus | Murdered A7 6339 | -6/Cetus | Extracted ID and sensor layout for unrecognized location from A7's data core 6340 | -6/Cetus | Found Prototype Protection 6341 | -6/Cetus | Identified Med. Regenerative Plating 6457 | -6/Cetus | Entered Archives 6457 | -6/Archives | Accompanied by 1 ally 6524 | -6/Archives | Discovered exit to Factory (range 16) 6585 | -6/Archives | Discovered new exit (range 20) 6595 | -6/Archives | Discovered new exit (range 20) 6693 | -6/Archives | Entered Hub_04(d) 6693 | -6/Hub_04(d) | Accompanied by 1 ally 6754 | -6/Hub_04(d) | Discovered exit to Factory (range 15) 6807 | -6/Hub_04(d) | Network Hub disabled 6807 | -6/Hub_04(d) | Spotted B-75 Beast 6824 | -6/Hub_04(d) | Network Hub disabled 6842 | -6/Hub_04(d) | Entered Factory 6842 | -5/Factory | Evolved 2 slots: Utility x2 6897 | -5/Factory | Repaired Lgt. Fission Core 6909 | -5/Factory | Repaired Imp. Propulsion Shielding 7133 | -5/Factory | Identified exit to Upper Caves 7142 | -5/Factory | Search patrols dispatched 7180 | -5/Factory | Noticed a derelict Sapper rigging charges 7217 | -5/Factory | Entered Upper Caves 7229 | -5/Upper Caves | Met a Warlord Commander 7230 | -5/Upper Caves | Learned location of Warlord (-4) 7231 | -5/Upper Caves | Warlord Commander delivered Encrypted Comm Array 7239 | -5/Upper Caves | Identified exit to Upper Caves 7241 | -5/Upper Caves | Spotted B-75 Beast 7271 | -5/Upper Caves | Entered another Upper Caves area 7283 | -5/Upper Caves | Discovered new exit (range 9) 7475 | -5/Upper Caves | Attracted the attention of an 0b10 checkpoint 7498 | -5/Upper Caves | Discovered new exit (range 12) 7516 | -5/Upper Caves | Entered Zhirov 7516 | -5/Zhirov | Discovered new exit (range 3) 7521 | -5/Zhirov | Met Zhirov 7527 | -5/Zhirov | Learned location of Quarantine (-3) 7527 | -5/Zhirov | Learned location of Testing (-2) 7527 | -5/Zhirov | Learned location of Command (-1) 7528 | -5/Zhirov | Zhirov requested help retrieving the SGEMP Prototype 7533 | -5/Zhirov | Found Alien Artifact 7533 | -5/Zhirov | Identified Integrated Dissipator 7533 | -5/Zhirov | Installed Integrated Dissipator, increased core heat dissipation (+20) 7554 | -5/Zhirov | Found Alien Artifact 7563 | -5/Zhirov | Entered Proximity Caves 7570 | -4/Proximity Caves | Learned Research trap positions 7606 | -4/Proximity Caves | Discovered new exit (range 15) 7630 | -4/Proximity Caves | Entered Factory 7630 | -4/Factory | Evolved 2 slots: Power x1, Propulsion x1 7687 | -4/Factory | Spotted B-86 Titan 7761 | -4/Factory | Identified exit to Upper Caves 7761 | -4/Factory | Identified exit to Armory 7902 | -4/Factory | Repaired Lrn. Missile Launcher 7908 | -4/Factory | Identified exit to Research 7951 | -4/Factory | Spotted B-86 Titan 7967 | -4/Factory | Entered Armory 8248 | -4/Armory | Found Exp. Hacking Suite 8250 | -4/Armory | Found Prototype Device 8250 | -4/Armory | Identified Adv. EM Shield 8301 | -4/Armory | Identified Transdimensional Reconstructor 8301 | -4/Armory | Warped through subspace to slip node 8301 | -4/Armory | Discovered new exit (range 1) 8313 | -4/Armory | Entered Lab 8313 | -4/Lab | Discovered exit to Research (range 9) 8316 | -4/Lab | Hidden lab's door opened automatically 8316 | -4/Lab | Sensor layout match revealed 8317 | -4/Lab | Gained access to the hidden lab's interior 8351 | -4/Lab | Unable to decrypt terminal 8361 | -4/Lab | Unable to decrypt terminal 8374 | -4/Lab | Found Alien Artifact 8374 | -4/Lab | Identified Core Regenerator 8374 | -4/Lab | Used Core Regenerator, restored core integrity (+100) 8376 | -4/Lab | Found Alien Artifact 8376 | -4/Lab | Identified Integrated Reactor 8376 | -4/Lab | Installed Integrated Reactor, increased core energy generation (+10) 8384 | -4/Lab | Unable to decrypt terminal 8384 | -4/Lab | Unable to decrypt terminal 8384 | -4/Lab | Unable to decrypt terminal 8389 | -4/Lab | Found Prototype Energy Gun 8389 | -4/Lab | Identified Hyp. EM Gauss Rifle 8482 | -4/Lab | Found Prototype Hackware 8482 | -4/Lab | Identified Deep Network Scanner 8489 | -4/Lab | Unable to decrypt terminal 8490 | -4/Lab | Entered Research 8490 | -3/Research | Evolved 2 slots: Utility x2 8491 | -3/Research | Loaded intel: 67 trap records 8587 | -3/Research | Spotted B-86 Titan 8647 | -3/Research | Spotted B-86 Titan 8665 | -3/Research | Discovered new exit (range 20) 8671 | -3/Research | Identified exit to Research 8741 | -3/Research | Entered another Research area 8741 | -2/Research | Evolved 2 slots: Utility x2 8780 | -2/Research | Spotted B-90 Cyclops 8781 | -2/Research | Build established: Wizard-Scout 8845 | -2/Research | Spotted B-90 Cyclops 8851 | -2/Research | Identified exit to Testing 8898 | -2/Research | Spotted B-90 Cyclops 8972 | -2/Research | Repaired Imp. Propulsion Shielding? 9011 | -2/Research | Discovered new exit (range 13) 9012 | -2/Research | Entered Access 9012 | -1/Access | Evolved 2 slots: Utility x2 9023 | -1/Access | Identified exit to Surface 9075 | -1/Access | Spotted B-99 Colossus 9075 | -1/Access | Spotted B-99 Colossus 9078 | -1/Access | Spotted B-99 Colossus 9121 | *** | Escaped! Last Messages --------------- >>Alert(Purge) Purged threat record, alert level lowered. >>Traps(Reprogram) Reprogrammed 4 Ambush Traps. >>Traps(Reprogram) Reprogrammed 4 Alarm Traps. 09040_ Acquired Enh. Nova Cannon. 09047_ ALERT: Suspicious intruders detected, dispatching Cutter reinforcements to area. 09053_ >> Machine Analyzer network decryption results: 09053_ Recycling Unit x4 09054_ >> Machine Analyzer network decryption results: 09054_ Terminal x1 09062_ U-05 Engineer builds a Wall. 09082_ >> Machine Analyzer network decryption results: 09082_ Scanalyzer x2 09120_ Connecting with Terminal... >>Open(Door) Sealed Barrier opened. 09120_ The Access Shell folds into the floor. [Achievement: Terminals Are For Geeks] Map ----- +----------------------------------------------------+ | #????????# #??????????# | | #????????# #??????????# | | #????????# #??????????# | | ########### #???"????# #??????????# == | | ??????????# #??"""???# #??????????# == | | ??????????# #???"""??# #????"?????# ! = | | ??????????# #????"???+ +???"""????############ | | ??????????# #????????# #??"""????????????????? | | ??????????# #????????# #???"?????????????????? | | ??????????# #????????# #?????????????????????? | | ??????????# #???????? ?????????????????????? | | ########### #???????? ?????????????????????? | | # #???????? ?????????????????????? | | # #???????? ?????????????????????? | | " # #???????BB BB????????????????????? | | """ # #???????BB BB????????????????????? | | """ # #????????? ???????????????????????? | | " # #???????????????????????????????????? | | # #???????????????????????????????????? | | # #???????????????????????????????????? | | = + #?????#""""""""""#??????????????????? | | # #?????# #??????????????????? | | """ """ # #?????# #??????????????????? | | """S""" # #?????# #??????????????????? | | ########### #?????# "" #??????????????????? | | ????# #?????# "@ #??????????????????? | | ???# #?????# #??????????????????? | | ???# #?????# #??????????????????? | | * ??# p#?????# #??????????????????? | | ??# #????## ##?????????????????? | | ?# #????# #?????????????????? | | ?# #????##"" ##?????????????????? | | ]]! #p #?????#"" #??????????????????? | | ]]! # #?????#"" #??????????????????? | | ]]! + #?????#T #??????????????????? | | # #?????#"" #??????????????????? | | # #?????#"" #??????????????????? | | ########### #######"" ###????????????????? | | k ??????? | | ?????? | | #### ########+####################+######???????? | | ???#???# #???????????????????????????????? | | ???????# #???????????????????????????????? | | ???????# ] #???????????????????????????????? | | ???????# ###########?????????????????????? | | ???????# + +?????????????????????? | | ???????# = ######### #?????????????????????? | | ???????# #???????? #?????????????????????? | | ???????# #?????????#?????????????????????? | | ???????###########???????????????????????????????? | +----------------------------------------------------+ Best States ------------- Heat Dissipation 72 Energy Generation 34 Energy Capacity 275 Matter Stores 300 Matter Capacity 300 Sight Range 22 Terrain Scan Range 20 Terrain Scan Density 410 Armor Coverage 450 Resistance: KI 40 Resistance: TH 30 Resistance: EX 20 Resistance: EM 20 Resistance: I 20 Resistance: S 20 Resistance: P 20 Propulsion Shielding 66 Evasion (%) 78 Recoil Reduction 3 Offensive Hacking 75 Defensive Hacking 26 Item Schematics ----------------- Adv. Visual Processing Unit | -8/Storage | Hacked Cld. Cesium-ion Thruster | -6/Factory | Scanalyzed Magnetic Acceleration Cannon | -6/Extension | Hacked Myomer Leg | -6/Hub_04(d) | Hacked Force Field | -6/Hub_04(d) | Hacked Imp. Point Defense System | -6/Hub_04(d) | Hacked Neutron Cannon | -6/Hub_04(d) | Hacked Adv. Particle Charger | -6/Hub_04(d) | Hacked Lyr. Medium Armor Plating | -6/Hub_04(d) | Hacked Micro-nuke Launcher | -5/Factory | Hacked Imp. Arc Projector | -5/Factory | Hacked Hyp. Coil Gun | -5/Factory | Hacked Imp. Recalibrator | -5/Factory | Hacked Imp. Remote Shield | -5/Factory | Hacked Imp. Weapon Cycler | -5/Factory | Hacked Lance | -5/Factory | Hacked Antigrav System | -5/Factory | Hacked Centrium Wheel | -5/Factory | Hacked Adv. Matter Compressor | -5/Factory | Hacked Lyr. Heavy Armor Plating | -5/Factory | Hacked Assault Drone Bay | -5/Zhirov | Free Exp. Heat Sink | -5/Zhirov | Free Exp. Optical Array | -5/Zhirov | Free Imp. Arc Thrower | -5/Zhirov | Free Biometal Medium Treads | -4/Factory | Hacked Adv. Reaction Control System | -4/Armory | Hacked Lgt. Quantum Reactor | -4/Armory | Hacked Nova Cannon | -4/Armory | Hacked Enh. Nova Cannon | -3/Research | Hacked Adv. Heavy Siege Treads | -3/Research | Hacked Com. HERF Cannon | -3/Research | Hacked Particle Reactor | -3/Research | Hacked Exp. Thermal Shield | -3/Research | Hacked Helical Railgun | -3/Research | Hacked Exp. Biometal Heavy Treads | -2/Research | Hacked Enh. Hardcell Cannon | -2/Research | Hacked Hvy. Shield Leg | -2/Research | Hacked Cmb. Linear Gravjet | -2/Research | Hacked Ragnarok Missile Launcher | -2/Research | Hacked Enh. Quantum Rifle | -2/Research | Hacked Centrium Leg | -2/Research | Hacked Adv. Cloaking Device | -2/Research | Hacked Enh. Armored Heavy Treads | -2/Research | Hacked Robot Schematics ------------------ A-15 Conveyor | -3/Research | Hacked H-88 Terminator | -2/Research | Hacked Fabricated ------------ Nothing Repaired ---------- Lgt. Fission Core | 26% | -5/Factory Imp. Propulsion Shielding | 57% | -5/Factory Lrn. Missile Launcher | 43% | -4/Factory Imp. Propulsion Shielding | 3% | -2/Research Alien Tech Used ----------------- Integrated Dissipator Transdimensional Reconstructor Core Regenerator Integrated Reactor Achievements -------------- Terminals Are For Geeks Challenges ------------ Simple Hacker Game ------ Seed ChainOpticalRailgun Manual? 0 Play Time 03:48:31 Cumulative 438.1 hours Start 2025.06.06 @ 10:02:17 End 2025.06.06 @ 23:28:25 Sessions 7 Manual Loads 0 Difficulty Adventurer Special Mode None Game No. 122 Rogue 81 Adventurer 41 Explorer 0 Win Type 0 Total 24 Types 16/0/5/1/2/0/0/0/0/0 Lore% 74 Gallery% 85 Achievement% 85 Wizard Run 0 Options --------- Layout 0 ASCII 0 Keyboard 1 Movement Vi Keybinds 0 Fullscreen 2 Font 16/Tamsyn Map View 89x57 Zoom Use 0% Tactical HUD 1 Map Filters NONE Filters NONE Steam 1 RUN: 2aab7f41-2d9d-49cb-a120-cd44aa3222b3